 Dungeon Crawl Stone Soup version 0.27-a0-1347-gd8886f0a89 (webtiles) character file.

Game seed: 582735944620053049

2450 basicallysejuani the Tainter (level 9, -8/85 HPs)
             Began as an Ogre Venom Mage on June 25, 2021.
             Was an Initiate of Hepliaklqana.
             Mangled by a hornet (15 damage)
             ... on level 7 of the Dungeon on June 28, 2021.
             The game lasted 02:13:12 (11634 turns).

basicallysejuani the Tainter (Ogre Venom Mage)     Turns: 11634, Time: 02:13:13

Health: -8/85      AC:  3    Str: 16    XL:     9   Next: 50%
Magic:  13/23      EV: 10    Int: 19    God:    Hepliaklqana [......]
Gold:   241        SH:  0    Dex: 13    Spells: 2/15 levels left

rFire    . . .     SeeInvis .   b - +2 whip (elec)
rCold    . . .     Faith    .   (no shield)
rNeg     . . .     Spirit   .   a - +0 robe
rPois    .         Reflect  .   (helmet restricted)
rElec    .         Harm     .   (no cloak)
rCorr    .         Rampage  .   (gloves unavailable)
Will     .....                  (boots unavailable)
Stlth    ++........             (no amulet)
HPRegen  0.24/turn              t - ring of magical power
MPRegen  0.18/turn              E - +6 ring of dexterity

@: slowed, very slow
A: large, unfitting armour, tough skin 1, horns 1, clumsy 1, strong 1
a: Renounce Religion


You were on level 7 of the Dungeon.
You worshipped Hepliaklqana.
Hepliaklqana was noncommittal.
You visited 2 branches of the dungeon, and saw 8 of its levels.

You collected 246 gold pieces.
You donated 5 gold pieces to Zin.

Inventory:

Hand Weapons
 b - a +2 whip of electrocution (weapon)
 g - a +4 hand axe
 j - a +0 hunting sling
 v - a +4 battleaxe of freezing
 x - a +0 shortbow
 I - a +1 flail of holy wrath
 L - a +2 quarterstaff of chaos
Missiles
 c - 246 stones
 o - 8 boomerangs
 s - 16 poisoned darts
 D - a throwing net
 J - 25 arrows
Armour
 a - a +0 robe (worn)
 m - a +1 helmet
 C - the +2 shield of Resistance {rF++ rC++ Will++}
   (You found it on level 6 of the Dungeon)

   rF:        It greatly protects you from fire.
   rC:        It greatly protects you from cold.
   Will:      It greatly increases your willpower.
 M - a +0 cloak
 N - a +2 chain mail of fire resistance
 O - a +1 leather armour of cold resistance
Jewellery
 t - a ring of magical power (left hand)
 E - a +6 ring of dexterity (right hand)
Wands
 q - a wand of flame (14)
 w - a wand of iceblast (7)
 G - a wand of acid (12)
Scrolls
 f - 2 scrolls of teleportation
 h - 2 scrolls of fog
 i - a scroll of enchant armour {unknown}
 k - 2 scrolls of immolation {unknown}
 p - 2 scrolls of enchant weapon {unknown}
 r - 2 scrolls of blinking {unknown}
 y - 2 scrolls of identify
 F - a scroll of magic mapping {unknown}
 H - a scroll of torment {unknown}
Potions
 d - 2 potions of attraction
 e - 2 potions of curing
 l - a potion of degeneration
 n - a potion of flight {unknown}
 u - a potion of haste {unknown}
 z - a potion of berserk rage {unknown}
 A - 2 potions of heal wounds {unknown}
 B - a potion of invisibility {unknown}
 K - a potion of mutation


   Skills:
 + Level 4.5 Fighting
 + Level 3.5 Maces & Flails
 - Level 1.8 Dodging
 - Level 1.4 Stealth
 + Level 3.1 Shields
 - Level 3.6 Spellcasting
 - Level 1.5 Conjurations
 - Level 2.1 Transmutations
 - Level 2.1 Fire Magic
 - Level 2.2 Air Magic
 - Level 8.1 Poison Magic
 + Level 3.1 Invocations


You had 2 spell levels left.
You knew the following spells:

 Your Spells              Type           Power      Damage    Failure   Level
a - Sting                 Tmut/Pois      92%        1d7       1%          1
b - Poisonous Vapours     Pois/Air       46%        N/A       2%          2
c - Olgreb's Toxic Radia  Pois           34%        N/A       4%          4
d - Mephitic Cloud        Conj/Pois/Air  18%        N/A       9%          3
e - Ignite Poison         Fire/Tmut/Pois 19%        N/A       8%          3

Your spell library contained the following spells:

 Spells                   Type           Power      Damage    Failure   Level
 Animate Skeleton         Necr           6%         N/A       14%         1
 Freeze                   Ice            12%        1d4       14%         1
 Pain                     Necr           12%        1d4       14%         1
 Sandblast                Erth           6%         2d5       14%         1
 Passwall                 Tmut/Erth      5%         N/A       14%         2
 Stone Arrow              Conj/Erth      12%        3d7       30%         3
 Frozen Ramparts          Ice            6%         1d2       41%         3
 Ozocubu's Armour         Ice            3%         N/A       41%         3
 Vampiric Draining        Necr           1%         2d6       41%         3
 Petrify                  Tmut/Erth      7%         N/A       67%         4
 Hailstorm                Conj/Ice       6%         3d4       71%         4
 Animate Dead             Necr           1%         N/A       82%         4
 Agony                    Necr           3%         N/A       99%         5
 Lee's Rapid Deconstruct  Erth           1%         3d5*      99%         5
 Metabolic Englaciation   Hex/Ice        1%         N/A       99%         5
 Haunt                    Necr/Summ      1%         N/A       100%        7
 Malign Gateway           Summ/Tloc      1%         N/A       100%        7
 Monstrous Menagerie      Summ           1%         N/A       100%        7
 Summon Horrible Things   Summ           1%         N/A       100%        8


Dungeon Overview and Level Annotations

Branches:
Dungeon (7/15)             Temple (1/1) D:6

Altars:
Ashenzari
Cheibriados
Dithmenos
Elyvilon
Fedhas
Gozag
Hepliaklqana
Kikubaaqudgha
Makhleb
Nemelex Xobeh
Okawaru
Qazlal
Ru
Trog
Uskayaw
Vehumet
Wu Jian
Xom
Zin
The Shining One

Shops:
D:6 :

Annotations:
D:4 3 runed translucent doors-chaos distort vault, Sweetruy1997's ghost, amateur TrBe


Innate Abilities, Weirdness & Mutations

You are too large for most types of armour.
You have tough skin. (AC +1)
You have a pair of small horns on your head.
You are clumsy. (Dex -2)
Your muscles are strong. (Str +2)


Message History

The bullfrog croaks.
The steam dragon breathes steam at you. The ball of steam hits you!
* * * LOW HITPOINT WARNING * * *
You kill the steam dragon!
Your Shields skill increases to level 3!
Your Invocations skill increases to level 3!
You feel better. The bullfrog barely misses you.
A hornet comes into view.
The centaur zombie misses you. The centaur zombie closely misses you.
The bullfrog completely misses you.
The hornet buzzes angrily.
You hit the centaur zombie but do no damage.
Lightning courses through the centaur zombie!!
You destroy the centaur zombie!
The bullfrog hits you.
* * * LOW HITPOINT WARNING * * *
Casting: Olgreb's Toxic Radiance (dangerous; 4% risk of failure)
Confirm with . or Enter, or press ? or * to list all spells.
You begin to radiate toxic energy.
The bullfrog is poisoned.
The hornet is poisoned.
The bullfrog looks even sicker.
The hornet looks even sicker.
The bullfrog releases a deep croak.
The bullfrog hits you!
* * * LOW HITPOINT WARNING * * *
The bullfrog closely misses you. The hornet stings you.
* * * LOW HITPOINT WARNING * * *
You feel yourself slow down.
Your toxic aura wanes.
The bullfrog closely misses you. The bullfrog barely misses you.
The hornet stings you.
* * * LOW HITPOINT WARNING * * *
You feel as though you will be slow longer.
The bullfrog closely misses you. The bullfrog hits you.
* * * LOW HITPOINT WARNING * * *
The bullfrog hits you.
* * * LOW HITPOINT WARNING * * *
The hornet stings you!
You die...

# #. .... #.##
#.#...###..#######
#.#.#............####
#....$.........#....##
#.....................
. ##............@F###
..#..............y..##
..#......†........#..#
#.)...)......#######.#
.............# #...
.............# ###..
.....<.......# .##
$......#.#.### #
[...##.#....#


You could see a hornet (very poisoned) and a bullfrog (poisoned).

Vanquished Creatures
  A steam dragon (D:7)
  2 orc warriors (D:7)
  2 sky beasts
  2 ogres
  A necrophage (D:4)
  A centaur (D:6)
  A phantom (D:6)
  3 bullfrogs
  2 scorpions
  4 wights (D:4)
  2 centaur zombies
  2 hounds
  A gnoll shaman (D:6)
  Crazy Yiuf (D:6)
  A bullfrog skeleton (D:5)
  A centaur skeleton (D:5)
  6 orc priests
  4 iguanas
  8 orc wizards
  3 hound skeletons (D:5)
  A howler monkey zombie (D:6)
  Robin (D:2)
  17 gnolls
  A howler monkey skeleton (D:5)
  4 adders
  2 ufetubi
  A worm (D:2)
  2 dart slugs
  18 orcs
  8 bats
  5 endoplasms
  2 giant cockroaches
  16 goblins
  8 hobgoblins
  4 jackals (D:1)
  6 quokkas
  9 ball pythons
  7 frilled lizards
  6 kobolds
  5 rats
171 creatures vanquished.

Vanquished Creatures (others)
  14 plants
14 creatures vanquished.

Grand Total: 185 creatures vanquished

Notes
Turn   | Place    | Note
-------+----------+-------------------------------------------
     0 | D:1      | basicallysejuani the Ogre Venom Mage began the quest for
                  | the Orb.
     0 | D:1      | Reached XP level 1. HP: 16/16 MP: 3/3
   250 | D:1      | Found a faded altar of an unknown god.
   258 | D:1      | Became a worshipper of Zin the Law-Giver
   258 | D:1      | Reached * piety under Zin
   338 | D:1      | Reached skill level 3 in Poison Magic
   400 | D:1      | Fell from the grace of Zin
   443 | D:1      | Reached XP level 2. HP: 21/24 MP: 1/5
  1149 | D:1      | Learned a level 2 spell: Poisonous Vapours
  1201 | D:1      | Reached XP level 3. HP: 31/31 MP: 3/6
  1531 | D:1      | Became a worshipper of Zin the Law-Giver
  1532 | D:1      | Fell from the grace of Zin
  1823 | D:2      | Reached skill level 4 in Poison Magic
  2331 | D:2      | Reached XP level 4. HP: 37/39 MP: 4/7
  2769 | D:2      | Found a hide-covered altar of Uskayaw.
  3209 | D:2      | Noticed Robin
  3221 | D:2      | Killed Robin
  4128 | D:3      | Reached skill level 5 in Poison Magic
  4128 | D:3      | Reached XP level 5. HP: 45/45 MP: 2/8
  4809 | D:4      | Learned a level 4 spell: Olgreb's Toxic Radiance
  4822 | D:4      | Reached XP level 6. HP: 11/53 MP: 6/9
  5100 | D:4      | Reached skill level 6 in Poison Magic
  5113 | D:4      | Gained mutation: You have a pair of small horns on your
                  | head. [potion of mutation]
  5113 | D:4      | Gained mutation: You are clumsy. (Dex -2) [potion of
                  | mutation]
  5113 | D:4      | Gained mutation: Your muscles are strong. (Str +2) [potion
                  | of mutation]
  5371 | D:4      | Found a runed translucent gate.
  5371 | D:4      | Found a runed translucent gate.
  5371 | D:4      | Found a runed translucent gate.
  5474 | D:4      | Noticed Sweetruy1997's ghost (amateur TrBe)
  6102 | D:4      | Reached skill level 7 in Poison Magic
  6102 | D:4      | Reached XP level 7. HP: 59/59 MP: 10/10
  6612 | D:4      | Reached skill level 1 in Maces & Flails
  6807 | D:4      | Learned a level 3 spell: Mephitic Cloud
  7275 | D:5      | Entered Level 5 of the Dungeon
  7393 | D:5      | Reached skill level 8 in Poison Magic
  7584 | D:5      | Reached XP level 8. HP: 53/67 MP: 9/13
  7661 | D:5      | Learned a level 3 spell: Ignite Poison
  7776 | D:5      | Reached skill level 1 in Transmutations
  7776 | D:5      | Reached skill level 1 in Air Magic
  7805 | D:5      | Reached skill level 1 in Fire Magic
  8100 | D:5      | Upgraded the game from 0.27-a0-1325-g58a489ad9e to
                  | 0.27-a0-1332-g84bddb5ca7
  8370 | D:5      | Reached skill level 1 in Conjurations
  9275 | D:6      | Found the +2 shield of Resistance {rF++ rC++ Will++}
  9360 | D:6      | Reached skill level 1 in Fighting
  9721 | D:6      | Found a stormy altar of Qazlal.
  9738 | D:6      | Reached skill level 1 in Shields
  9968 | D:6      | Found a staircase to the Ecumenical Temple.
  9974 | Temple   | Entered the Ecumenical Temple
 10278 | Temple   | Upgraded the game from 0.27-a0-1332-g84bddb5ca7 to
                  | 0.27-a0-1347-gd8886f0a89
 10338 | Temple   | Became a worshipper of Hepliaklqana the Forgotten
 10645 | D:6      | Reached skill level 1 in Invocations
 10645 | D:6      | Reached XP level 9. HP: 76/80 MP: 14/14
 10788 | D:6      | Found an ornate altar of the Wu Jian Council.
 10910 | D:6      | Found Ruelas's Self-Improvement Boutique.
 11031 | D:6      | Found a runed translucent door.
 11032 | D:6      | Noticed Crazy Yiuf
 11185 | D:6      | Killed Crazy Yiuf
 11628 | D:7      | Noticed a hornet
 11634 | D:7      | Mangled by a hornet

Illustrated notes

Levels and vault maps discovered:
D:1:      mrwooster_arrival_statue_3, layout_basic,
          ebering_ecumenical_altar_rust, minmay_misc_feat_columns,
          minmay_hedge_maze, minmay_split_cup_large
D:2:      layout_rooms, basic_altar, serial_forest,
          infiniplex_forest_lined_3_way, infiniplex_forest_lined_3_way,
          infiniplex_forest_straight_2, infiniplex_forest_corner_2,
          infiniplex_forest_end_3, infiniplex_forest_straight_2, uniq_robin
D:3:      layout_basic
D:4:      layout_gridville, gammafunk_ghost_nasty_kobolds, serial_rivers,
          chequers_serial_rivers_micro_e, chequers_serial_rivers_large_a,
          chequers_serial_rivers_room_a, chequers_serial_rivers_micro_c,
          serial_bayou_ford_a
D:5:      layout_basic
D:6:      layout_basic, marbit_many_paths, amcnicky_altar_gilded,
          minmay_temple_entry_gardened_gates, nicolae_shop_self_help,
          uniq_crazy_yiuf_cottage
D:7:      layout_rooms, minivault_24
Temple:   dpeg_five_rooms_temple

Skill      XL: |  1  2  3  4  5  6  7  8  9 |
---------------+----------------------------+-----
Poison Magic   | 3 4 5 7 8 |  8.1
Maces & Flails | 1 2 3 |  3.5
Spellcasting   | 3 |  3.6
Transmutations | 2 |  2.1
Air Magic      | 2 |  2.2
Fire Magic     | 2 |  2.1
Conjurations   | 1 |  1.5
Fighting       | 2 4 |  4.5
Shields        | 1 3 |  3.1
Invocations    | 1 3 |  3.1
Dodging        | |  1.8
Stealth        | |  1.4

Action                   |  1- 3 |  4- 6 |  7- 9 || total
-------------------------+-------+-------+-------++-------
Melee: Whip              |    81 |    63 |    92 ||   236
       Headbutt          |       |     1 |    11 ||    12
 Fire: Hunting sling     |       |     3 |    18 ||    21
 Cast: Sting             |    17 |     3 |     2 ||    22
       Poisonous Vapours |    31 |    77 |    21 ||   129
       Olgreb's Toxic Ra |       |     1 |    50 ||    51
       Mephitic Cloud    |       |       |    11 ||    11
       Ignite Poison     |       |       |     8 ||     8
Invok: Renounce Religion |     2 |       |       ||     2
Evoke: Wand              |       |     1 |       ||     1
  Use: Potion            |       |     2 |     2 ||     4
       Scroll            |       |       |     4 ||     4
 Stab: Sleeping          |     1 |     1 |       ||     2
Armor: Robe              |    18 |    13 |    13 ||    44
Dodge: Dodged            |    35 |    35 |    45 ||   115

Table legend: (Time is in decaauts)
 A = Elapsed time spent in this place.
 B = Non-inter-level travel time spent in this place.
 C = Inter-level travel time spent in this place.
 D = Time resting spent in this place.
 E = Time spent auto-exploring this place.
 F = Levels seen in this place.
 G = Mean time per level.
                   A        B        C        D        E       F      G
               +--------+--------+--------+--------+--------+-----+--------+
         Total |  11666 |  10289 |   1377 |   5318 |   2973 |   8 | 1458.2 |
       Dungeon |  11245 |  10218 |   1027 |   5318 |   2973 |   7 | 1606.4 |
        Temple |    420 |     70 |    350 |      0 |      0 |   1 |  420.0 |
               +--------+--------+--------+--------+--------+-----+--------+

Top non-repeatable levels by time:
     D:4: 2550 daAuts
     D:6: 1897 daAuts
     D:5: 1874 daAuts
     D:1: 1749 daAuts
     D:2: 1599 daAuts
     D:3: 1425 daAuts
  Temple: 420 daAuts
     D:7: 148 daAuts
